 Dungeon Crawl Stone Soup version 0.30.1-9-gdf580d7c3d (webtiles) character file.

Game seed: 18067129621964927855

5919 Peloso the Carver (level 10, -2/90 HPs)
             Began as a Minotaur Fighter on Oct 12, 2023.
             Was a Believer of Okawaru.
             Slain by a warg (11 damage)
             ... on level 9 of the Dungeon.
             The game lasted 00:15:27 (9381 turns).

Peloso the Carver (Minotaur Fighter)                Turns: 9381, Time: 00:15:27

Health: -2/90      AC: 14    Str: 22    XL:     10   Next: 53%
Magic:  9/9        EV: 11    Int:  5    God:    Okawaru [**....]
Gold:   547        SH:  7    Dex: 19    Spells: 9/9 levels left

rFire   . . .        a - +0 long sword
rCold   + . .        d - +0 buckler
rNeg    . . .        h - +2 chain mail {rC+}
rPois   .            (helmet restricted)
rElec   .            (no cloak)
rCorr   .            (no gloves)
SInv    .            c - +0 pair of boots
Will    .....        (no amulet) Stlth
                     F - ring of flight
HPRegen 0.35/turn    I - +6 ring of dexterity
MPRegen 0.11/turn

%: no passive effects
@: flying
A: horns 2, retaliatory headbutt
a: Renounce Religion, Heroism


You were on level 9 of the Dungeon.
You worshipped Okawaru.
Okawaru was pleased with you.
You visited 2 branches of the dungeon, and saw 10 of its levels.
You also visited: Sewer.

You collected 547 gold pieces.

Inventory:

Hand Weapons
 a - a +0 long sword (weapon)
 b - a +1 whip of flaming
Missiles
 H - a throwing net (quivered)
Armour
 c - a +0 pair of boots (worn)
 d - a +0 buckler (worn)
 h - a +2 chain mail of cold resistance (worn)
Jewellery
 j - a +6 ring of intelligence
 q - a ring of magical power
 F - a ring of flight (left hand)
 I - a +6 ring of dexterity (right hand)
 L - a +6 ring of dexterity
Wands
 r - a wand of mindburst (24)
 u - a wand of flame (23)
 y - a wand of acid (6)
 J - a wand of digging (5)
Scrolls
 e - a scroll of noise {unknown}
 i - 2 scrolls of teleportation
 l - 2 scrolls of acquirement {unknown}
 p - 3 scrolls of immolation {unknown}
 s - 9 scrolls of identify {unknown}
 t - 3 scrolls of enchant weapon {unknown}
 v - 7 scrolls of fear {unknown}
 w - a scroll of enchant armour {unknown}
 x - 3 scrolls of magic mapping {unknown}
 G - 2 scrolls of silence {unknown}
 M - a scroll of poison {unknown}
 N - a scroll of butterflies {unknown}
Potions
 f - 3 potions of might
 g - 2 potions of curing {unknown}
 k - a potion of flight {unknown}
 m - 2 potions of lignification
 n - a potion of mutation {unknown}
 o - a potion of berserk rage {unknown}
 z - a potion of attraction {unknown}
 A - 3 potions of invisibility {unknown}
 B - 2 potions of magic {unknown}
 C - 2 potions of ambrosia
 D - a potion of cancellation {unknown}
 E - 2 potions of haste {unknown}
 K - 3 potions of resistance {unknown}


   Skills:
 + Level 8.6 Fighting
 + Level 11.4 Long Blades
 + Level 9.6 Armour
 + Level 5.1 Dodging
 + Level 0.7 Stealth
 + Level 8.6 Shields
 + Level 1.2 Evocations


You had 9 spell levels left.
You didn't know any spells.
Your spell library contained the following spells:

 Spells                   Type           Power      Damage    Failure   Level
 Foxfire                  Conj/Fire      0%         2x1d4     97%         1
 Magic Dart               Conj           0%         1d3       97%         1
 Searing Ray              Conj           0%         2d4       99%         2
 Sublimation of Blood     Necr           0%         N/A       99%         2
 Wereblood                Tmut           0%         N/A       99%         2
 Gell's Gravitas          Tloc           0%         N/A       100%        3
 Teleport Other           Tloc           0%         N/A       100%        3
 Vhi's Electric Charge    Tloc/Air       0%         N/A       100%        3
 Anguish                  Hex/Necr       0%         N/A       100%        4
 Cause Fear               Hex            0%         N/A       100%        4
 Fulminant Prism          Conj/Hex       0%         3d5       100%        4
 Arcjolt                  Conj/Air       0%         1d10      100%        5
 Fireball                 Conj/Fire      0%         3d3       100%        5
 Dispersal                Tloc           0%         N/A       100%        6
 Plasma Beam              Fire/Air       0%         2x1d11    100%        6
 Starburst                Conj/Fire      0%         6d3       100%        6
 Dragon Form              Tmut           0%         N/A       100%        7
 Enfeeble                 Hex            0%         N/A       100%        7
 Maxwell's Capacitive Co  Air            0%         ∞         100%        8
 Summon Hydra             Summ           Unusable   N/A       N/A         7
 Dragon's Call            Summ           Unusable   N/A       N/A         9

Dungeon Overview and Level Annotations

Branches:
Dungeon (9/15)             Temple (1/1) D:6            Lair (0/5) D:8
  Sewer (visited)
    Orc: D:9-12

Altars:
Elyvilon
Fedhas
Gozag
Kikubaaqudgha
Okawaru
Sif Muna
Uskayaw
Wu Jian
Yredelemnul
Zin

Shops:
D:5 =

Annotations:
D:8 3 runed translucent doors


Innate Abilities, Weirdness & Mutations

You have a pair of horns on your head.
You reflexively headbutt those who attack you in melee.


Message History

* * * LOW HITPOINT WARNING * * *
You slash the kobold demonologist!
You kill the kobold demonologist!
Okawaru accepts your kill.
You hear a splash. x2
The crimson imp disappears in a puff of smoke!
The shadow imp disappears in a puff of smoke!
The sun demon disappears in a puff of smoke!
A warg comes into view.
The warg howls!
Something unseen opens the door.
Items here: )) [[.
Unknown command.
You barely miss the warg. The warg bites you.
* * * LOW HITPOINT WARNING * * *
You hit the warg. You headbutt the warg!
The warg is heavily wounded.
You block the orc warrior's attack. The warg barely misses you.
You barely miss the warg.
You headbutt the warg, but do no damage.
The warg is heavily wounded.
The warg bites you!
* * * LOW HITPOINT WARNING * * *
The orc warrior hits you with a +0 dire flail.
* * * LOW HITPOINT WARNING * * *
The orc warrior attacks as you move away!
The orc warrior closely misses you. The warg attacks as you move away!
The warg bites you but does no damage.
The orc warrior attacks as you move away!
The orc warrior barely misses you. You block the warg's attack.
You hit the warg.
The warg is severely wounded.
The warg stops to sniff the ground.
The warg bites you.
* * * LOW HITPOINT WARNING * * *
Unknown command.
The orc warrior attacks as you move away!
You block the orc warrior's attack. The warg attacks as you move away!
The warg bites you!
You die...

≈≈≈~≈)≈≈≈~~≈~....#
~~~~~~#####≈≈....#######
......#.g.#≈~....#.....#
#####'#...#≈≈P...#.....#
..#'###≈~....#.....##########
..#.#.≈≈~....#...............
.:# #.~≈~..P.#...............
'###
#.~~~..oh#...............
#.~~~...@#...............
#.~≈~....#...............
#.~≈~....#...............
#.~≈≈....#.......########
#.≈≈~....#.......#......# #
###≈~P...#.......+......# #.o
#≈~....#.......#.....)# . #.o
#≈~....#.......#).....#
≈~#####≈~....#.......#......#


You could see a warg and an orc warrior.

Vanquished Creatures
  Pikel (D:5)
  An ugly thing (D:8)
  A kobold demonologist (D:9)
  Prince Ribbit (D:5)
  Sigmund (D:3)
  A wyvern (D:8)
  A yak (D:8)
  5 wargs (D:9)
  Menkaure (D:7)
  An acid dragon (D:8)
  2 water moccasins (D:7)
  A sky beast (D:7)
  A hell hound (D:9)
  3 orc warriors
  3 black bears
  A centaur (D:5)
  An ogre (D:4)
  A lemure (D:5)
  A phantom (D:5)
  3 kobold brigands
  4 bullfrogs
  A gnoll sergeant (D:8)
  6 scorpions
  4 killer bees (D:9)
  2 howler monkeys
  3 hounds
  6 orc priests
  3 jellies
  2 gnoll boudas
  4 iguanas
  5 orc wizards
  14 adders
  7 gnolls
  5 river rats (Sewer)
  A shadow imp (D:5)
  2 white imps
  An ufetubus (D:6)
  3 worms
  2 dart slugs (D:4)
  30 orcs
  12 endoplasms
  4 giant cockroaches
  9 goblins
  9 hobgoblins
  4 jackals (D:4)
  2 quokkas
  12 ball pythons
  3 bats
  A frilled lizard (D:1)
  15 kobolds
  29 rats
236 creatures vanquished.

Notes
Turn   | Place    | Note
-------+----------+-------------------------------------------
     0 | D:1      | Peloso the Minotaur Fighter began the quest for the Orb.
     0 | D:1      | Reached XP level 1. HP: 19/19 MP: 0/0
    91 | D:1      | Found a faded altar of an unknown god.
   398 | D:1      | Reached XP level 2. HP: 27/27 MP: 1/1
   957 | D:2      | Reached XP level 3. HP: 29/33 MP: 2/2
  1019 | D:2      | Found a white marble altar of Elyvilon.
  1265 | D:3      | Noticed a scorpion
  1276 | D:2      | Killed a scorpion
  1277 | D:2      | Reached skill level 3 in Long Blades
  1277 | D:2      | Reached XP level 4. HP: 16/41 MP: 3/3
  1705 | D:3      | Reached skill level 1 in Dodging
  1705 | D:3      | Noticed Sigmund
  1721 | D:3      | Killed Sigmund
  1722 | D:3      | Reached skill level 4 in Long Blades
  1722 | D:3      | Reached skill level 5 in Armour
  1722 | D:3      | Reached XP level 5. HP: 38/47 MP: 4/4
  1722 | D:3      | Reached XP level 6. HP: 45/55 MP: 5/5
  2092 | D:4      | Reached skill level 5 in Long Blades
  2280 | D:4      | Reached skill level 5 in Fighting
  2280 | D:4      | Reached XP level 7. HP: 36/61 MP: 6/6
  2496 | D:4      | Reached skill level 6 in Long Blades
  2943 | D:5      | Entered Level 5 of the Dungeon
  2953 | D:5      | Reached skill level 5 in Shields
  3058 | D:5      | Found a glowing drain.
  3083 | Sewer    | Entered a sewer
  3249 | Sewer    | Reached XP level 8. HP: 70/70 MP: 7/7
  3295 | Sewer    | Reached skill level 7 in Long Blades
  3871 | D:5      | Noticed Pikel
  3913 | D:5      | Killed Pikel
  3914 | D:5      | Reached skill level 8 in Long Blades
  3914 | D:5      | Reached skill level 1 in Evocations
  4032 | D:5      | Found Mong's Jewellery Shoppe.
  4153 | D:5      | Noticed Prince Ribbit
  4647 | D:5      | Killed Prince Ribbit
  4648 | D:5      | Reached XP level 9. HP: 48/78 MP: 8/8
  5656 | D:6      | Found a staircase to the Ecumenical Temple.
  5671 | Temple   | Entered the Ecumenical Temple
  5714 | Temple   | Became a worshipper of Warmaster Okawaru
  5745 | D:6      | Reached skill level 9 in Long Blades
  5755 | D:6      | Identified the +0 leather armour of Argho {rF+ Str+5 Int-2}
  6238 | D:7      | Found an opulent altar of Gozag.
  6239 | D:7      | Found a shimmering blue altar of Sif Muna.
  6240 | D:7      | Found an ornate altar of the Wu Jian Council.
  6242 | D:7      | Found a white marble altar of Elyvilon.
  6243 | D:7      | Found a blossoming altar of Fedhas.
  6574 | D:7      | Reached * piety under Okawaru
  6576 | D:7      | Noticed Menkaure
  6803 | D:7      | Killed Menkaure
  6804 | D:7      | Reached skill level 10 in Long Blades
  7238 | D:8      | Reached ** piety under Okawaru
  7246 | D:8      | Found a staircase to the Lair.
  7268 | D:8      | Reached XP level 10. HP: 82/88 MP: 9/9
  7460 | D:8      | Found a runed translucent door.
  7460 | D:8      | Found a runed translucent door.
  7460 | D:8      | Found a runed translucent door.
  7460 | D:8      | Noticed a centaur warrior
  7460 | D:8      | Noticed a centaur warrior
  8226 | D:8      | Noticed a green ugly thing
  8251 | D:8      | Killed a green ugly thing
  8252 | D:8      | Reached skill level 11 in Long Blades
  9125 | D:9      | HP: 5/132 [warg (4)]
  9137 | D:9      | HP: 3/132 [warg (8)]
  9140 | D:9      | Reached skill level 5 in Dodging
  9351 | D:9      | Noticed a sun demon
  9381 | D:9      | Slain by a warg

Illustrated notes

Levels and vault maps discovered:
D:1:      saegor_arrival_simple_b, layout_loops_corners, basic_ecumenical_altar
D:2:      layout_rooms, basic_altar
D:3:      layout_rooms, st_stairs_5, kennysheep_generic_room_3, uniq_sigmund
D:4:      layout_basic, minmay_stone_trees_small, kennysheep_small_square
D:5:      layout_basic, cheibrodos_sewer_entry_bend,
          minmay_shop_enchanted_jewellery, uniq_prince_ribbit1, uniq_pikel
D:6:      layout_rooms, minmay_temple_entry_grid
D:7:      layout_gridville, grunt_temple_overflow_open,
          hangedman_decor_peaks_small, uniq_menkaure
D:8:      minmay_the_grid_triangle_9x9_rhombus_full
          [minmay_the_grid_triangle_9x9_swiss_cheese,
          minmay_the_grid_triangle_9x9_skeleton,
          minmay_the_grid_triangle_9x9_zippers_vertical,
          minmay_the_grid_triangle_9x9_fully_insulated_deathbox,
          minmay_the_grid_triangle_9x9_tough_junction,
          minmay_the_grid_triangle_9x9_subtriangle,
          minmay_the_grid_triangle_9x9_odd_lines,
          minmay_the_grid_triangle_9x9_prize_insulated], layout_basic,
          grunt_lair_entry_orc_guard_hut, chequers_hall_statues_wall_a,
          kennysheep_just_a_vault
D:9:      lemuel_castle_with_subvaults [lemuel_castle_interior_carwin_1],
          layout_irregular_city, gammafunk_ghost_hive, nicolae_specific_store,
          hangedman_tell_no_tales
Temple:   minmay_crystal_spiral_temple

Skill      XL: |  1  2  3  4  5  6  7  8  9 10 |
---------------+-------------------------------+-----
Fighting       | 4 5 6 7 8 |  8.6
Armour         | 4 5 6 7 8 9 |  9.6
Long Blades    | 3 4 5 6 8 10 11 | 11.4
Shields        | 4 5 6 7 8 |  8.6
Dodging        | 1 2 3 4 5 |  5.1
Evocations     | 1 |  1.2
Stealth        | |  0.7

Action                     |  1- 3 |  4- 6 |  7- 9 | 10-12 || total
---------------------------+-------+-------+-------+-------++-------
  Melee: Long sword        |    37 |    82 |   514 |   116 ||   749
         Headbutt          |     5 |    17 |    97 |    29 ||   148
 Invoke: Heroism           |       |       |       |     1 ||     1
  Evoke: Wand              |       |     4 |     6 |     4 ||    14
    Use: Scroll            |       |     1 |     1 |       ||     2
         Potion            |       |       |     1 |     2 ||     3
 Armour: Scale mail        |     7 |       |       |       ||     7
         Chain mail        |    19 |    58 |   340 |    49 ||   466
         Skin              |       |       |       |    23 ||    23
  Dodge: Dodged            |    22 |    38 |   239 |    57 ||   356
  Block: Buckler           |     9 |    14 |   152 |    51 ||   226
